 Dungeon Crawl Stone Soup version 0.27.1 (webtiles) character file.

Game seed: 12414758688803870313

838 Destapler the Skirmisher (level 7, -5/70 HPs)
             Began as a Troll Berserker on Aug 30, 2021.
             Was a Priest of Trog.
             Slain by a two-headed ogre (17 damage)
             ... on level 6 of the Dungeon.
             The game lasted 00:08:33 (4791 turns).

Destapler the Skirmisher (Troll Berserker)          Turns: 4791, Time: 00:08:35

Health: -5/70      AC:  4    Str: 28    XL:     7   Next: 67%
Magic:  6/6        EV:  9    Int:  3    God:    Trog [***...]
Gold:   152        SH:  0    Dex:  6    Spells: 6/6 levels left

rFire    . . .     SeeInvis .   v - +1 hand axe "Woahiun" {vorpal, rPois rN+++ Dex-3 Stlth-}
rCold    . . .     Faith    .   (no shield)
rNeg     + + +     Spirit   .   b - +0 animal skin
rPois    +         Reflect  .   (helmet restricted)
rElec    .         Harm     .   (no cloak)
rCorr    .         Rampage  .   (gloves unavailable)
Will     .....                  (boots unavailable)
Stlth    ..........             (no amulet)
HPRegen  1.21/turn              (no ring)
MPRegen  0.10/turn              (no ring)

@: on berserk cooldown
A: large, unfitting armour, claws 3, regeneration 1, shaggy fur 1, tough skin 1
a: Renounce Religion, Berserk, Trog's Hand


You were on level 6 of the Dungeon.
You worshipped Trog.
Trog was most pleased with you.
You visited 1 branch of the dungeon, and saw 6 of its levels.

You collected 336 gold pieces.
You spent 184 gold pieces at shops.

Inventory:

Hand Weapons
 a - a +0 mace
 v - the +1 hand axe "Woahiun" (weapon) {vorpal, rPois rN+++ Dex-3 Stlth-}
   (You found it on level 4 of the Dungeon)

   It inflicts extra damage upon your enemies.
   Dex:       It affects your dexterity (-3).
   rPois:     It protects you from poison.
   rN:        It renders you almost immune to negative energy.
   Stlth:     It makes you less stealthy.
Missiles
 e - 13 atropa-tipped darts
 t - 17 poisoned darts
 u - 4 large rocks (quivered)
Armour
 b - a +0 animal skin (worn)
Wands
 x - a wand of polymorph (19)
Scrolls
 f - 2 scrolls of fear {unknown}
 h - a scroll of teleportation {unknown}
 j - 3 scrolls of identify {unknown}
 l - a scroll of summoning {unknown}
 m - a scroll of blinking {unknown}
 n - a scroll of immolation {unknown}
 p - 3 scrolls of enchant armour {unknown}
 q - a scroll of vulnerability {unknown}
 r - 3 scrolls of enchant weapon {unknown}
 s - a scroll of noise {unknown}
 w - a scroll of magic mapping {unknown}
Potions
 c - a potion of invisibility {unknown}
 d - a potion of heal wounds {unknown}
 g - 6 potions of curing
 i - 2 potions of cancellation
 k - a potion of flight {unknown}
 o - 2 potions of mutation {unknown}


   Skills:
 + Level 4.3 Fighting
 - Level 2.6 Maces & Flails
 + Level 3.7 Throwing
 - Level 2.4 Dodging
 + Level 3.3 Shields
 + Level 3.0 Evocations


You had 6 spell levels left.
You didn't know any spells.
Your spell library contained the following spells:

 Spells                   Type           Power      Damage    Failure   Level
 Blink                    Tloc           N/A        N/A       67%         2
 Dazzling Flash           Conj/Hex       0%         N/A       88%         3
 Lesser Beckoning         Tloc           0%         N/A       88%         3
 Iskenderun's Mystic Bla  Conj/Tloc      0%         2d3       99%         4
 Manifold Assault         Tloc           0%         N/A       100%        5
 Starburst                Conj/Fire      0%         6d3       100%        6


Dungeon Overview and Level Annotations

Branches:
Dungeon (6/15)             Temple (0/1) D:4

Altars:
Fedhas
Ru
Trog
The Shining One

Shops:
D:2 :*   D:5 [   D:6 (


Innate Abilities, Weirdness & Mutations

You are too large for most types of armour.
You have claws for hands.
Your natural rate of healing is unusually fast.
You are covered in fur. (AC +1)
You have tough skin. (AC +1)


Message History

You feel yourself moving faster!
You feel mighty! The two-headed ogre barely misses you.
The two-headed ogre hits you with a +0 giant club.
You hit the two-headed ogre.
The two-headed ogre is lightly wounded.
The two-headed ogre hits you with a +0 giant club! x2
You slash the two-headed ogre!
The two-headed ogre is moderately wounded.
The two-headed ogre barely misses you.
The two-headed ogre completely misses you.
You barely miss the two-headed ogre.
The two-headed ogre is moderately wounded.
You closely miss the two-headed ogre.
The two-headed ogre is moderately wounded.
The two-headed ogre barely misses you.
The two-headed ogre hits you with a +0 giant club!!
You hit the two-headed ogre.
The two-headed ogre is heavily wounded.
The two-headed ogre hits you with a +0 giant club!!
The two-headed ogre hits you with a +0 giant club!
* * * LOW HITPOINT WARNING * * *
You hear a shout!
You hit the two-headed ogre.
The two-headed ogre is heavily wounded.
You barely miss the two-headed ogre.
The two-headed ogre is heavily wounded.
The two-headed ogre hits you with a +0 giant club!!
* * * LOW HITPOINT WARNING * * *
The two-headed ogre closely misses you.
You feel a strong urge to attack something.
You are no longer berserk.
You are exhausted.
You feel yourself slow down.
It was a potion of cancellation.
Your magical effects are unravelling.
You feel magically purged.
You feel yourself speed up. The two-headed ogre barely misses you.
The two-headed ogre hits you with a +0 giant club!
You die...

## .####
...####
.....#
#.##.#
.#
#.O..#
.#
#.@#.#
.#
##...#
.#
#.###..#
.#
#......#
.###..
#####.##
......
#.....#
#
#.#####
## #.#
.# #.♣#


You could see a two-headed ogre.

Vanquished Creatures
  A water moccasin (D:4)
  2 ogres
  2 centaurs
  A phantom (D:6)
  A crimson imp (D:4)
  A centaur skeleton (D:4)
  3 iguanas
  An orc wizard (D:6)
  A hound skeleton (D:5)
  3 gnolls (D:5)
  An adder (D:6)
  A shadow imp (D:5)
  A white imp (D:4)
  2 ufetubi
  3 worms (D:5)
  2 dart slugs
  13 orcs
  A bat (D:1)
  6 endoplasms
  5 giant cockroaches
  4 goblins
  6 hobgoblins
  5 kobolds
  6 quokkas
  6 ball pythons
  5 frilled lizards
  4 rats
87 creatures vanquished.

Notes
Turn   | Place    | Note
-------+----------+-------------------------------------------
     0 | D:1      | Destapler the Troll Berserker began the quest for the Orb.
     0 | D:1      | Reached XP level 1. HP: 22/22 MP: 0/0
   192 | D:1      | Reached XP level 2. HP: 29/29 MP: 1/1
  1040 | D:2      | Reached skill level 1 in Throwing
  1062 | D:2      | Reached XP level 3. HP: 36/36 MP: 2/2
  1155 | D:2      | Found Cidug's Book Boutique.
  1179 | D:2      | Reached skill level 1 in Shields
  1196 | D:2      | Reached ** piety under Trog
  1233 | D:2      | Found a sacrificial altar of Ru.
  1290 | D:2      | Found Elaumet's Assorted Antiques.
  1710 | D:3      | Reached skill level 1 in Evocations
  1828 | D:3      | Noticed an ogre
  1835 | D:3      | Killed an ogre
  1836 | D:3      | Reached skill level 3 in Fighting
  1836 | D:3      | Reached XP level 4. HP: 36/45 MP: 3/3
  1909 | D:3      | Found a glowing golden altar of the Shining One.
  2099 | D:3      | Reached XP level 5. HP: 50/53 MP: 4/4
  2728 | D:4      | Found a staircase to the Ecumenical Temple.
  2808 | D:4      | Noticed a water moccasin
  2818 | D:4      | Killed a water moccasin
  2819 | D:4      | Found a blossoming altar of Fedhas.
  2978 | D:4      | Reached XP level 6. HP: 57/61 MP: 5/5
  3147 | D:4      | Identified the +1 hand axe "Woahiun" {vorpal, rPois rN+++
                  | Dex-3 Stlth-}
  3596 | D:5      | Entered Level 5 of the Dungeon
  3852 | D:5      | Reached XP level 7. HP: 52/68 MP: 6/6
  4012 | D:5      | Found Juash's Antique Armour Shoppe.
  4020 | D:5      | Bought a runed scarf for 184 gold pieces
  4058 | D:5      | Reached skill level 4 in Fighting
  4405 | D:5      | Noticed a moth of wrath
  4407 | D:5      | Found a bloodstained altar of Trog.
  4756 | D:6      | Reached *** piety under Trog
  4757 | D:6      | Found Rujy's Antique Weapon Shoppe.
  4779 | D:6      | Noticed a two-headed ogre
  4791 | D:6      | Slain by a two-headed ogre

Illustrated notes

Levels and vault maps discovered:
D:1:      elethiomel_arrival_fortress_basement, layout_loops_ring,
          serial_rivers, chequers_serial_rivers_large_a,
          chequers_serial_rivers_micro_a, chequers_serial_rivers_micro_c,
          chequers_serial_rivers_room_a, serial_park_tiny_1,
          minmay_misc_feat_enclosed
D:2:      layout_loops_ring, basic_altar, serial_shops, shop,
          nicolae_shop_overgrown_old_shop
D:3:      layout_basic, mainiacjoe_overflow_boulevard
D:4:      layout_basic, marbit_many_paths, temple_doors_e,
          minmay_fire_ice_demons
D:5:      layout_basic, tgw_trog, serial_shops, nicolae_square_shop
D:6:      layout_loops_cross, gammafunk_temple_overflow_statue, serial_shops,
          nicolae_shop_trees

Skill      XL: |  1  2  3  4  5  6  7 |
---------------+----------------------+-----
Throwing       | 1 2 3 |  3.7
Shields        | 1 2 3 |  3.3
Evocations     | 1 2 3 |  3.0
Fighting       | 3 4 |  4.3
Maces & Flails | |  2.6
Dodging        | |  2.4

Action                   |  1- 3 |  4- 6 |  7- 9 || total
-------------------------+-------+-------+-------++-------
Melee: Mace              |    97 |    45 |       ||   142
       Hand axe          |       |    30 |   106 ||   136
Throw: Large rock        |       |     2 |       ||     2
       Dart              |       |     1 |       ||     1
Invok: Berserk           |     2 |     3 |     3 ||     8
       Trog's Hand       |     1 |     1 |     1 ||     3
  Use: Potion            |       |       |     2 ||     2
 Stab: Sleeping          |     1 |       |       ||     1
Armor: Animal skin       |    29 |    26 |    40 ||    95
Dodge: Dodged            |    44 |    47 |    71 ||   162
